 Dungeon Crawl Stone Soup version 0.32-a0-560-g4c7f4391e0 (webtiles) character file.

Game seed: 14162445641086640199

47 IdlyInterested the Trooper (level 3, 0/29 HPs)
             Began as a Demonspawn Fighter on Feb 29, 2024.
             Slain by a ribbon worm (5 damage)
             ... on level 2 of the Dungeon.
             The game lasted 00:02:15 (642 turns).

IdlyInterested the Trooper (Demonspawn Fighter)      Turns: 642, Time: 00:02:16

Health: 0/29       AC:  6    Str: 18    XL:     3   Next: 48%
Magic:  3/3        EV:  9    Int:  8    God:
Gold:   33         SH:  4    Dex: 12    Spells: 2/2 levels left

rFire   . . .        a - +0 long sword
rCold   . . .        c - +0 buckler
rNeg    . . .        b - +0 scale mail
rPois   .            (no helmet)
rElec   .            (no cloak)
rCorr   .            (no gloves)
SInv    .            (no boots)
Will    .....        o - amulet of the acrobat Stlth
                     (no ring)
HPRegen 0.24/turn    (no ring)
MPRegen 0.08/turn

%: acrobat
@: no status effects
A: powered by pain 1
a: no special abilities


You were on level 2 of the Dungeon.
You visited 1 branch of the dungeon, and saw 2 of its levels.

You collected 33 gold pieces.

Inventory:

Hand Weapons
 a - a +0 long sword (weapon)
 e - a +0 dagger
Missiles
 p - 5 stones (quivered)
Armour
 b - a +0 scale mail (worn)
 c - a +0 buckler (worn)
 g - a +0 leather armour
 m - a +0 ring mail
Jewellery
 o - an amulet of the acrobat (around neck)
Scrolls
 f - a scroll of amnesia {unknown}
 h - a scroll of revelation {unknown}
 j - a scroll of identify {unknown}
 k - a scroll of noise {unknown}
 l - a scroll of torment {unknown}
Potions
 d - a potion of might
 i - a potion of heal wounds {unknown}
 n - a potion of invisibility {unknown}


   Skills:
 - Level 3.0 Fighting
 + Level 2.5 Long Blades
 - Level 3.0 Armour
 * Level 1.5 Dodging
 - Level 3.0 Shields


You had 2 spell levels left.
You didn't know any spells.
Your spell library was empty.

Dungeon Overview and Level Annotations

Branches:
Dungeon (2/15)

Altars:


Innate Abilities, Weirdness & Mutations

You sometimes gain a little power by taking damage.


Message History

The ribbon worm expels a string of sticky webbing.
The stream of webbing hits you but does no damage.
You are caught in a web!
The web tears apart.
Robin says, "My goblins will feast on your bones."
Robin hits you with a +0 whip.
* * * LOW HITPOINT WARNING * * *
You barely miss Robin. Robin hits you but does no damage. x2
You hit Robin.
Robin is moderately wounded.
Robin hits you but does no damage.
You hit Robin.
Robin is severely wounded.
Robin hits you but does no damage.
You hit Robin.
Robin is almost dead.
Robin hits you but does no damage.
You barely miss Robin.
Robin is almost dead.
Robin hits you with a +0 whip.
* * * LOW HITPOINT WARNING * * *
Robin hits you with a +0 whip.
* * * LOW HITPOINT WARNING * * *
You hit Robin.
You kill Robin!
The ribbon worm expels a string of sticky webbing.
You block the stream of webbing.
Throw: 6 stones
Press: ? - help, Q - select action Shift-Dir - straight line, f - ribbon worm
Aim: a ribbon worm (catching its breath, 75% to hit)
You throw a stone.
The stone completely misses the ribbon worm.
You slash the ribbon worm!
The ribbon worm is heavily wounded.
The ribbon worm bites you.
* * * LOW HITPOINT WARNING * * *
You hit the ribbon worm but do no damage.
The ribbon worm is heavily wounded.
The ribbon worm barely misses you. The ribbon worm bites you.
You die...

#.........## ##.<...
#####.##.#.###.....#
#.##..........##
####.#############
#....# #....# #..)##
##)## #@# #w##.###.
#........ #........
#.#...##. #....##
#.##.# #.# .# #.# .#


You could see a ribbon worm.

Vanquished Creatures
  Robin (D:2)
  5 bats (D:1)
  2 endoplasms (D:1)
  A giant cockroach (D:1)
  10 goblins
  8 hobgoblins
  A kobold (D:1)
  A ball python (D:1)
  3 rats (D:1)
32 creatures vanquished.

Notes
Turn   | Place    | Note
-------+----------+-------------------------------------------
     0 | D:1      | IdlyInterested the Demonspawn Fighter began the quest for
                  | the Orb.
     0 | D:1      | Reached XP level 1. HP: 18/18 MP: 1/1
   129 | D:1      | Gained mutation: You sometimes gain a little power by
                  | taking damage. [demonic ancestry]
   129 | D:1      | Reached XP level 2. HP: 21/24 MP: 2/2
   607 | D:2      | Reached skill level 1 in Dodging
   609 | D:2      | Reached XP level 3. HP: 16/29 MP: 3/3
   622 | D:2      | Noticed Robin
   639 | D:2      | Killed Robin
   642 | D:2      | Slain by a ribbon worm

Illustrated notes

Levels and vault maps discovered:
D:1:      sevenhm_arrival_forest_fort_small_4, layout_rooms, nrook_loot_triangle
D:2:      layout_loops_corners, minmay_pentomino_q4, uniq_robin,
          uniq_crazy_yiuf_cottage, uniq_natasha, uniq_terence

Skill      XL: |  1  2 |
---------------+-------+-----
Armour         | 3 |  3.0
Long Blades    | 2 |  2.5
Shields        | 3 |  3.0
Dodging        | 1 |  1.5
Fighting       | |  3.0

Action                     || total
---------------------------++-------
  Melee: Long sword        ||   103
  Throw: Stone             ||     1
 Armour: Scale mail        ||   108
  Dodge: Dodged            ||    65
  Block: Buckler           ||    33

Table legend: (Time is in decaauts)
 A = Elapsed time spent in this place.
 B = Non-inter-level travel time spent in this place.
 C = Inter-level travel time spent in this place.
 D = Time resting spent in this place.
 E = Time spent auto-exploring this place.
 F = Levels seen in this place.
 G = Mean time per level.
                   A        B        C        D        E       F      G
               +--------+--------+--------+--------+--------+-----+--------+
         Total |    678 |    663 |     15 |     18 |    387 |   2 |  339.0 |
       Dungeon |    678 |    663 |     15 |     18 |    387 |   2 |  339.0 |
               +--------+--------+--------+--------+--------+-----+--------+

Top non-repeatable levels by time:
     D:1: 550 daAuts
     D:2: 127 daAuts
